 Dungeon Crawl Stone Soup version 0.31.0-1-g2c135a0 (webtiles) character file.

Game seed: 7430893245990048759

593171 skavnox the Invulnerable (level 26, -8/266 HPs)
             Began as a Minotaur Fighter on Jan 24, 2024.
             Was a High Priest of Okawaru.
             Mangled by a green draconian monk (20 damage)
             ... on level 4 of the Realm of Zot on Jan 30, 2024.
             The game lasted 20:33:17 (166467 turns).

skavnox the Invulnerable (Minotaur Fighter)       Turns: 166467, Time: 20:33:18

Health: -8/266     AC: 35    Str: 30      XL:     26   Next: 27%
Magic:  0/34       EV: 21    Int: 15      God:    Okawaru [*****.]
Gold:   6560       SH: 25    Dex: 17 (19) Spells: 25/25 levels left

rFire   + + .        H - +9 demon whip (vamp)
rCold   + + .        a - +0 tower shield
rNeg    + + +        y - +6 chain mail of Esups {rElec rC++ Will+ Stlth+}
rPois   +            U - +1 hat
rElec   +            k - +0 cloak "Biama" {rC+ Will+ Str+6}
rCorr   +            f - +2 pair of gloves
SInv    .            Z - +2 pair of boots {rampage}
Will    ++++.        e - amulet of Sunlight {Spirit -Cast rPois rF+ Dex+4} Stlth
                     C - ring "Ajiratt" {rF+ Will+ rCorr Int+6}
HPRegen 0.64/turn    g - ring "Lecviperph" {rC- rN+++ EV+5 Dex+4 Stlth-}
MPRegen 0.24/turn

%: no spellcasting, guardian spirit, rampage
@: constricted, studying Necromancy
A: horns 2, retaliatory headbutt, clumsy 1, deterioration 2, weak 1
}: 3/15 runes: serpentine, barnacled, silver
a: Renounce Religion, Heroism, Finesse, Duel


You were on level 4 of the Realm of Zot.
You worshipped Okawaru.
Okawaru was extremely pleased with you.
You visited 11 branches of the dungeon, and saw 50 of its levels.
You visited the Abyss 1 time.
You also visited: Ice Cave.

You collected 7704 gold pieces.
You spent 1144 gold pieces at shops.

Inventory:

Hand Weapons
 H - a +9 vampiric demon whip (weapon)
 Q - a +9 antimagic eveningstar
Missiles
 p - 15 curare-tipped darts
 A - 4 throwing nets
 R - 28 javelins
 X - 13 silver javelins (quivered)
Armour
 a - a +0 tower shield (worn)
 c - a scarf of resistance
 f - a +2 pair of gloves (worn)
 k - the +0 cloak "Biama" (worn) {rC+ Will+ Str+6}
   (Okawaru gifted it to you on level 1 of the Depths)

   Str+6:     It affects your strength (+6).
   rC+:       It protects you from cold.
   Will+:     It increases your willpower.
 y - the +6 chain mail of Esups (worn) {rElec rC++ Will+ Stlth+}
   (You took it off a salamander on level 1 of the Snake Pit)

   rC++:      It greatly protects you from cold.
   rElec:     It insulates you from electricity.
   Will+:     It increases your willpower.
   Stlth+:    It makes you more stealthy.
 K - +0 gold dragon scales
 U - a +1 hat (worn)
 Z - a +2 pair of boots of rampaging (worn)
Jewellery
 e - the amulet of Sunlight (around neck) {Spirit -Cast rPois rF+ Dex+4}
   (You bought it in a shop on level 1 of the Snake Pit)

   [amulet of guardian spirit]

   Spirit:    It causes incoming damage to be divided between your reserves of
   health and magic.
   Dex+4:     It affects your dexterity (+4).
   rF+:       It protects you from fire.
   rPois:     It protects you from poison -Cast: It prevents spellcasting.
 g - the ring "Lecviperph" (right hand) {rC- rN+++ EV+5 Dex+4 Stlth-}
   (You acquired it on level 10 of the Dungeon)

   [ring of evasion]

   EV+5:      It affects your evasion (+5).
   Dex+4:     It affects your dexterity (+4).
   rC-:       It makes you vulnerable to cold.
   rN+++:     It renders you almost immune to negative energy.
   Stlth-:    It makes you less stealthy.
 w - the amulet "Exku Rotio" {Reflect rPois rC+ SH+5}
   (You took it off a deep elf master archer on level 3 of the Elven Halls)

   [amulet of reflection]

   Reflect:   It reflects blocked missile attacks.
   rC+:       It protects you from cold.
   rPois:     It protects you from poison SH+5: It affects your SH (+5).
 C - the ring "Ajiratt" (left hand) {rF+ Will+ rCorr Int+6}
   (You took it off a deep elf blademaster on level 3 of the Elven Halls)

   [ring of intelligence]

   Int+6:     It affects your intelligence (+6).
   rF+:       It protects you from fire.
   Will+:     It increases your willpower.
   rCorr:     It protects you from acid and corrosion.
 D - the ring of Zosanyr {Str+3 SInv}
   (You took it off a deep elf pyromancer on level 3 of the Elven Halls)

   [ring of see invisible]

   Str+3:     It affects your strength (+3).
   SInv:      It lets you see invisible.
 T - the amulet of the Air {Inacc Air Fly rElec RMsl}
   (You took it off a tengu reaver on level 4 of the Vaults)

   [amulet of nothing]

   Inacc:     It reduces the accuracy of your attacks and spells.
   Air:       It enhances your air magic.
   rElec:     It insulates you from electricity.
   Fly:       It grants you flight.
   RMsl:      It protects you from missiles.
Wands
 q - a wand of digging (30)
 s - a wand of acid (7)
 v - a wand of iceblast (17)
 z - a wand of mindburst (36)
 B - a wand of paralysis (64)
 G - a wand of flame (43)
 I - a wand of polymorph (54)
Scrolls
 h - 3 scrolls of silence
 l - 7 scrolls of fear
 m - 16 scrolls of teleportation
 n - 6 scrolls of poison
 o - 9 scrolls of fog
 r - 7 scrolls of blinking
 u - 6 scrolls of revelation
 x - 8 scrolls of enchant armour
 F - 9 scrolls of immolation
Potions
 b - 9 potions of mutation
 d - 10 potions of might
 i - 7 potions of haste
 j - 3 potions of brilliance
 t - a potion of ambrosia
 E - 3 potions of invisibility
 J - 7 potions of lignification
 M - 10 potions of enlightenment
 O - 4 potions of cancellation
 P - 4 potions of resistance
 V - 12 potions of curing
 W - 9 potions of heal wounds
Miscellaneous
 L - a condenser vane
 S - a phial of floods


   Skills:
 O Level 27 Fighting
 - Level 20.0 Maces & Flails
 - Level 13.0 Throwing
 O Level 27 Armour
 + Level 15.9 Dodging
 * Level 26.7 Shields
 + Level 16.1 Invocations
 - Level 11.6 Evocations


You had 25 spell levels left.
You didn't know any spells.
Your spell library contained the following spells:

 Spells                   Type           Power      Damage    Failure   Level
 Apportation              Tloc           0%         N/A       45%         1
 Foxfire                  Conj/Fire      0%         2x1d4     45%         1
 Freeze                   Ice            0%         1d3       45%         1
 Kiss of Death            Conj/Necr      0%         2d5       45%         1
 Magic Dart               Conj           0%         1d3       45%         1
 Necrotise                Necr           0%         1d4       45%         1
 Sandblast                Erth           0%         2d4       45%         1
 Shock                    Conj/Air       0%         1d3       45%         1
 Slow                     Hex            0%         N/A       45%         1
 Sting                    Conj/Alch      0%         1d3       45%         1
 Blink                    Tloc           0%         N/A       58%         2
 Cigotuvi's Dreadful Rot  Necr/Alch/Air  0%         N/A       58%         2
 Jinxbite                 Hex            0%         N/A       58%         2
 Lesser Beckoning         Tloc           0%         N/A       58%         2
 Mercury Vapours          Alch/Air       0%         N/A       58%         2
 Momentum Strike          Conj/Tloc      0%         3d8       58%         2
 Scorch                   Fire           0%         2d5       58%         2
 Searing Ray              Conj           0%         2d4       58%         2
 Static Discharge         Conj/Air       0%         3-3/arc   58%         2
 Sublimation of Blood     Necr           0%         N/A       58%         2
 Dazzling Flash           Conj/Hex       0%         N/A       83%         3
 Frozen Ramparts          Ice            0%         1d1       83%         3
 Fugue of the Fallen      Necr           0%         N/A       83%         3
 Gell's Gravitas          Tloc           0%         N/A       83%         3
 Hailstorm                Conj/Ice       0%         3d5       83%         3
 Inner Flame              Hex/Fire       0%         N/A       83%         3
 Mephitic Cloud           Conj/Alch/Air  0%         N/A       83%         3
 Passwall                 Erth           0%         N/A       83%         3
 Sigil of Binding         Hex            0%         N/A       83%         3
 Stone Arrow              Conj/Erth      0%         3d7       83%         3
 Swiftness                Air            0%         N/A       83%         3
 Teleport Other           Tloc           0%         N/A       83%         3
 Volatile Blastmotes      Fire/Tloc      0%         2d10      83%         3
 Airstrike                Air            0%         2d(0-16)  99%         4
 Anguish                  Hex/Necr       0%         N/A       99%         4
 Brom's Barrelling Bould  Conj/Erth      0%         2d3       99%         4
 Dimensional Bullseye     Hex/Tloc       0%         N/A       99%         4
 Flame Wave               Conj/Fire      0%         2d4       99%         4
 Fulminant Prism          Conj/Alch      0%         3d5       99%         4
 Iskenderun's Mystic Bla  Conj/Tloc      0%         2d3       99%         4
 Leda's Liquefaction      Alch/Erth      0%         N/A       99%         4
 Olgreb's Toxic Radiance  Alch           0%         N/A       99%         4
 Passage of Golubria      Tloc           0%         N/A       99%         4
 Petrify                  Alch/Erth      0%         N/A       99%         4
 Sticky Flame             Fire/Alch      0%         2d4       99%         4
 Vhi's Electric Charge    Tloc/Air       0%         N/A       99%         4
 Arcjolt                  Conj/Air       0%         1d10      100%        5
 Curse of Agony           Necr           0%         N/A       100%        5
 Freezing Cloud           Conj/Ice/Air   0%         6-21      100%        5
 Irradiate                Conj/Alch      0%         3d11      100%        5
 Iskenderun's Battlesphe  Conj           0%         2d6       100%        5
 Lee's Rapid Deconstruct  Erth           0%         3d4*      100%        5
 Metabolic Englaciation   Hex/Ice        0%         N/A       100%        5
 Silence                  Hex/Air        0%         N/A       100%        5
 Yara's Violent Unravell  Hex/Alch       0%         3d3       100%        5
 Bombard                  Conj/Erth      0%         9d1       100%        6
 Eringya's Noxious Bog    Alch           0%         4d6       100%        6
 Plasma Beam              Fire/Air       0%         2x1d10    100%        6
 Starburst                Conj/Fire      0%         6d3       100%        6
 Enfeeble                 Hex            0%         N/A       100%        7
 Ozocubu's Refrigeration  Ice            0%         4d7       100%        7
 Discord                  Hex            0%         N/A       100%        8
 Lehudib's Crystal Spear  Conj/Erth      0%         10d2      100%        8
 Maxwell's Capacitive Co  Air            0%         ∞         100%        8
 Chain Lightning          Conj/Air       0%         N/A       100%        9
 Fire Storm               Conj/Fire      0%         5d1       100%        9
 Polar Vortex             Ice            0%         N/A       100%        9
 Shatter                  Erth           0%         3d5*      100%        9
 Summon Small Mammal      Summ           Unusable   N/A       N/A         1
 Call Imp                 Summ           Unusable   N/A       N/A         2
 Call Canine Familiar     Summ           Unusable   N/A       N/A         3
 Summon Ice Beast         Ice/Summ       Unusable   N/A       N/A         3
 Tukima's Dance           Hex            Unusable   N/A       N/A         3
 Animate Armour           Summ/Erth      Unusable   N/A       N/A         4
 Animate Dead             Necr           Unusable   N/A       N/A         4
 Martyr's Knell           Necr/Summ      Unusable   N/A       N/A         4
 Summon Blazeheart Golem  Fire/Summ      Unusable   N/A       N/A         4
 Summon Lightning Spire   Summ/Air       Unusable   N/A       N/A         4
 Summon Forest            Summ/Tloc      Unusable   N/A       N/A         5
 Summon Mana Viper        Hex/Summ       Unusable   N/A       N/A         5
 Death Channel            Necr           Unusable   N/A       N/A         6
 Sculpt Simulacrum        Ice/Alch       Unusable   N/A       N/A         6
 Summon Cactus Giant      Summ           Unusable   N/A       N/A         6
 Haunt                    Necr/Summ      Unusable   N/A       N/A         7
 Monstrous Menagerie      Summ           Unusable   N/A       N/A         7
 Spellforged Servitor     Conj/Summ      Unusable   N/A       N/A         7
 Summon Hydra             Summ           Unusable   N/A       N/A         7
 Summon Horrible Things   Summ           Unusable   N/A       N/A         8

Dungeon Overview and Level Annotations

Branches:
Dungeon (15/15) Zot: 16674  Temple (1/1) D:7 Zot: 5478    Lair (5/5) D:10 Zot: 9611
 Shoals (4/4) Lair:3 Zot: 6746   Snake (4/4) Lair:3 Zot: 1377   Slime (0/5) Lair:4
    Orc (2/2) D:9 Zot: 2047     Elf (3/3) Orc:2 Zot: 12824  Vaults (5/5) D:14 Zot: 11308
  Crypt (3/3) Vaults:2 Zot: 14187    Tomb (0/3) Crypt:3      Depths (4/4) D:15 Zot: 14954
    Zot (4/5) Depths:4 Zot: 19313   IceCv (visited)

Altars:
Ashenzari
Cheibriados
Dithmenos
Elyvilon
Fedhas
Gozag
Hepliaklqana
Kikubaaqudgha
Makhleb
Nemelex Xobeh
Okawaru
Qazlal
Ru
Sif Muna
Trog
Uskayaw
Vehumet
Wu Jian
Xom
Yredelemnul
Zin
The Shining One
Jiyva
Lugonu

Shops:
D:9 *   D:10 ::   Orc:2 ([((   Shoals:1 ?   Snake:1 =   Vaults:1 *
Vaults:4 *(

Portals:
Hell: Depths:1 Depths:2 Depths:3 Depths:4
Abyss: Lair:5 Depths:3
Pandemonium: Depths:1 Depths:2
Ziggurat: Depths:4

Annotations:
D:9 Items near Orc stairs
D:10 Shop Store Cache Chest
D:12 Frances
Shoals:4 Roxanne
Snake:2 2 transporters, Uhoful's ghost, journeyman TrFi; Vashnia
Vaults:5 2 exclusions
Crypt:1 1 runed translucent door, Ulecsuczon's ghost, veteran MiGl
Depths:2 1 runed translucent door, Barug's ghost, adept TrMo


Innate Abilities, Weirdness & Mutations

You have a pair of horns on your head.
You reflexively headbutt those who attack you in melee.
You are clumsy. (Dex -2)
Your body often deteriorates upon taking damage.
You are weak. (Str -2)


Message History

You block the tentacled monstrosity's attack.
The tentacled monstrosity misses you.
The tentacled monstrosity constricts you.
You block the green draconian monk's attack. x2
The green draconian monk tail-slaps you but does no damage. x2
The white draconian hits you with a +0 battleaxe!!
* * * LOW HITPOINT WARNING * * *
Your magical effects are unravelling.
You feel magically purged.
You feel yourself speed up. You block the red draconian's attack.
You block the tentacled monstrosity's attack.
The tentacled monstrosity misses you.
You block the tentacled monstrosity's attack.
The tentacled monstrosity constricts you.
* * * LOW HITPOINT WARNING * * *
You block the green draconian's attack. The green draconian barely misses you.
The moth of wrath closely misses you. You furiously retaliate!
You headbutt the moth of wrath! The white draconian closely misses you.
The green draconian monk hits you!!
* * * LOW HITPOINT WARNING * * *
Your body deteriorates!
You feel clumsy.
The green draconian monk closely misses you.
The green draconian monk tail-slaps you.
* * * LOW HITPOINT WARNING * * *
The green draconian monk tail-slaps you!
* * * LOW HITPOINT WARNING * * *
The red draconian completely misses you.
The tentacled monstrosity tentacle-slaps you.
* * * LOW HITPOINT WARNING * * *
The tentacled monstrosity misses you.
The tentacled monstrosity tentacle-slaps you but does no damage.
The tentacled monstrosity constricts you.
The green draconian hits you but does no damage.
The green draconian misses you. The moth of wrath bites you.
* * * LOW HITPOINT WARNING * * *
The white draconian hits you with a +0 battleaxe!
* * * LOW HITPOINT WARNING * * *
The green draconian monk hits you!!
You die...

#)#### #.. #.# #.. #.# ### #.##
### ##### ##..# ##.. #...# #####
##...# #... .
###...######...####....#####...
..#............qdd...............
..............qy@................
......?.......dX.⌠^..............
.....######...###...###.^#....###
....# #....#....## #..#...## ....
#.##......# #..##### ... #..
#......# #### ... ...⌠ ##....#.
.. ..##. #.....## .. #.. #.
######


You could see a tentacled monstrosity (berserk), a green draconian monk
(berserk), a green draconian (berserk), a red draconian (berserk), a white
draconian (berserk), a red draconian scorcher and a moth of wrath.

Vanquished Creatures
  2 dread liches
  2 ancient liches
  Mara (Shoals:3)
  2 orbs of fire
  Boris (Depths:1)
  A Killer Klown (Zot:1)
  A caustic shrike (Depths:3)
  Nikola (Elf:3)
  A curse toe (Zot:1)
  A golden dragon (shapeshifter) (Zot:2)
  8 golden dragons
  Norris (D:14)
  2 bone dragons
  2 hellephants
  A shard shrike zombie (Crypt:3)
  13 tentacled monstrosities
  2 walking crystal tomes
  Asterion (Depths:2)
  5 liches
  A walking earthen tome (Depths:1)
  8 titans
  2 deep elf master archers (Elf:3)
  2 walking divine tomes
  3 death cobs
  Polyphemus (Shoals:3)
  3 quicksilver dragons
  2 krakens
  3 tentacled starspawn (Abyss:2)
  An eldritch tentacle (Elf:2)
  4 ancient champions
  3 deep elf blademasters
  7 sphinxes
  An Executioner (Abyss:2)
  A caustic shrike (shapeshifter) (Zot:2)
  6 tengu reavers
  A shard shrike (shapeshifter) (Zot:2)
  7 shadow dragons
  5 storm dragons
  A draconian monk (Zot:1)
  Donald (Vaults:1)
  4 protean progenitors
  3 iron dragons
  18 nagarajas
  2 revenants
  The ghost of DispaterIsMyDaddy the Fighter, a journeyman DgCj (Snake:4)
  11 deep elf sorcerers
  8 frost giants
  10 fire giants
  A draconian shifter (Zot:2)
  4 deep elf elementalists (Elf:3)
  19 vault wardens
  6 orc warlords
  4 draconian scorchers
  Louise (Shoals:4)
  2 juggernaut zombies (Crypt:3)
  5 ghost moths
  7 ghouls
  A reaper (Crypt:2)
  A spriggan defender (Depths:1)
  A curse skull (Crypt:2)
  18 ironbound preservers
  4 angels
  A draconian stormcaller (Depths:4)
  9 ironbound thunderhulks
  4 formless jellyfish
  4 draconian annihilators
  12 vampire knights
  A very ugly thing (shapeshifter) (Zot:2)
  14 very ugly things
  2 demonspawn black suns (Zot:1)
  19 stone giants
  2 black draconians (Zot:2)
  5 green draconians
  6 deep elf annihilators
  5 deep elf demonologists
  7 deep elf death magi
  3 dire elephants (Vaults:1)
  7 red draconians
  9 yellow draconians
  6 white draconians
  4 purple draconians
  8 war gargoyles
  15 spark wasps
  4 eidola
  7 crystal guardians
  5 merfolk javelineers
  9 ettins
  6 fire dragons
  12 merfolk impalers
  A green death (Abyss:2)
  5 entropy weavers
  5 deep elf high priests
  A quicksilver dragon zombie (D:15)
  9 jiangshi
  Fannar (D:11)
  An entropy weaver (shapeshifter) (Elf:2)
  12 ice dragons
  10 yaktaur captains
  10 great orbs of eyes
  34 vault guards
  5 peacekeepers
  5 hydras
  2 catoblepae
  9 rakshasas
  6 ironbound frosthearts
  2 salamander tyrants
  16 centaur warriors
  11 anacondas
  8 spriggan air magi
  2 death knights (Crypt:1)
  3 merfolk avatars
  13 boulder beetles
  7 two-headed ogres
  9 deep troll shamans
  10 death yaks
  3 radroaches (Elf:2)
  4 satyrs
  16 tengu warriors
  A two-headed ogre (shapeshifter) (Vaults:5)
  3 alligator snapping turtles
  An ogre mage (D:15)
  7 vampire magi
  9 merfolk aquamancers
  A bennu skeleton (Crypt:2)
  9 deep troll earth magi
  Urug (D:12)
  A shock serpent (shapeshifter) (Depths:3)
  13 naga warriors
  25 dancing weapons
  An orc high priest (Orc:1)
  6 spriggan berserkers
  10 shock serpents
  4 sun demons (Depths:2)
  38 hell knights
  4 thrashing horrors
  18 naga sharpshooters
  3 soul eaters
  3 occultists
  An emperor scorpion zombie (Crypt:1)
  A titan skeleton (Crypt:3)
  14 deep elf knights
  Sonja (Lair:5)
  3 wretched stars (Abyss:2)
  8 skysharks
  3 salamander mystics
  A skyshark (shapeshifter) (Depths:3)
  2 death drakes (Elf:2)
  A goliath frog (Zot:2)
  12 sea snakes
  52 deep trolls
  14 glowing orange brains
  3 iron trolls (Depths:2)
  26 skeletal warriors
  3 naga ritualists
  A shining eye (shapeshifter) (Vaults:5)
  An anaconda zombie (Crypt:3)
  13 mana vipers
  2 golden dragon zombies (Crypt:3)
  2 flayed ghosts
  An obsidian statue (D:8)
  A sun moth (shapeshifter) (Vaults:5)
  6 arcanists
  11 orc knights
  An orange crystal statue (D:8)
  12 deep elf archers
  3 bog bodies
  16 ironbound convokers
  25 deep elf pyromancers
  24 deep elf zephyrmancers
  12 phantasmal warriors
  12 lindwurms
  16 necromancers
  8 large abominations
  14 harpies
  56 ugly things
  11 salamanders
  14 manticores
  A wolf spider (shapeshifter) (Vaults:5)
  2 orc sorcerers (Orc:2)
  A glowing shapeshifter (Vaults:4)
  5 worldbinders
  10 kobold blastminers
  A stone giant skeleton (Vaults:4)
  17 fauns
  6 centaur zombies
  7 cyclopes
  10 elephants
  A meliai (shapeshifter) (Elf:1)
  9 merfolk sirens
  A frost giant skeleton (Crypt:1)
  13 naga magi
  33 black mambas
  Joseph (D:9)
  4 guardian serpents
  13 moths of wrath
  An ice statue (IceCv)
  19 vault sentinels
  3 apocalypse crabs (Abyss:2)
  An orange demon (Abyss:2)
  12 cane toads
  7 water nymphs
  7 smoke demons
  An unseen horror (D:11)
  Jeremiah (D:6)
  2 efreet
  5 rime drakes
  Maggie (D:7)
  5 freezing wraiths
  2 kobold demonologists
  8 komodo dragons
  39 yaktaurs
  6 tengu conjurers
  Psyche (D:11)
  A sea snake skeleton (Crypt:2)
  An unseen horror skeleton (Crypt:2)
  A harpy zombie (Crypt:3)
  2 trolls (D:10)
  36 merfolk
  A black draconian skeleton (Crypt:1)
  16 polar bears
  5 tarantellas
  2 harpy skeletons
  3 wind drakes
  4 hornets (Depths:4)
  8 raiju
  A jumping spider zombie (Crypt:1)
  3 spriggan zombies
  4 glass eyes
  An ice dragon zombie (Crypt:3)
  13 snapping turtles
  11 dream sheep
  3 spectral nagas (Snake:4)
  27 blink frogs
  32 slime creatures
  A snapping turtle (shapeshifter) (Vaults:5)
  A centaur simulacrum (D:13)
  4 jumping spiders
  A spriggan skeleton (D:15)
  59 yaks
  22 water elementals
  2 spriggans (shapeshifter)
  A shadow (Abyss:2)
  11 small abominations
  An ettin skeleton (Crypt:3)
  5 spriggans
  2 wyverns (Lair:5)
  3 ynoxinuls
  3 fire elementals
  2 fire bats (Abyss:2)
  A mana viper simulacrum (Snake:4)
  5 wraiths
  7 humans
  A golden eye (shapeshifter) (D:11)
  12 starcursed masses (Abyss:2)
  6 vampire mosquitoes
  5 basilisks
  Grum (D:8)
  A neqoxec (Abyss:2)
  4 chaos spawn
  6 redbacks
  A glowing shapeshifter zombie (Vaults:4)
  Menkaure (D:7)
  2 spatial vortices (Elf:2)
  30 nagas
  4 hell hounds
  2 acid dragons
  A water moccasin (shapeshifter) (Lair:4)
  16 water moccasins
  A fire bat skeleton (Crypt:2)
  37 orc warriors
  4 ice beasts
  7 black bears
  25 laughing skulls
  A black mamba simulacrum (Snake:4)
  7 boggarts
  20 centaurs
  A tengu (D:12)
  9 ogres
  28 wolves
  A draconian zombie (Crypt:1)
  10 bullfrogs
  4 gnoll sergeants
  5 necrophages
  3 earth elementals
  3 scorpions
  A komodo dragon skeleton (Crypt:2)
  4 wights (D:10)
  4 killer bees (D:9)
  8 electric eels
  A wolf skeleton (Crypt:2)
  3 howler monkeys
  3 naga simulacra (Snake:4)
  5 hounds
  3 human zombies
  5 jellies
  3 gnoll boudas
  21 orc priests
  An iron imp (Abyss:2)
  A sleepcap (D:4)
  2 iguanas
  28 orc wizards
  A black bear skeleton (Crypt:2)
  2 yak simulacra (D:10)
  5 hell rats (Lair:3)
  2 polar bear simulacra (D:10)
  Terence (D:2)
  5 wolf simulacra (D:10)
  A mummy (D:10)
  2 howler monkey zombies (D:10)
  27 gnolls
  8 adders
  5 river rats (Lair:3)
  A shadow imp (D:7)
  6 white imps
  An ufetubus (D:13)
  8 dart slugs
  2 ribbon worms
  104 orcs
  5 ball pythons
  3 bats
  A bat zombie (Crypt:2)
  4 endoplasms
  5 giant cockroaches
  9 goblins
  6 hobgoblins
  2 jackals (D:3)
  5 quokkas
  7 frilled lizards
  3 kobolds
  6 rats
  2 river rat simulacra (D:10)
  A river rat skeleton (Crypt:1)
  An aspiring flesh (Zot:2)
  2 butterflies (Zot:2)
  A lurking horror (Abyss:2)
  2 spectral weapons (Depths:2)
  2 starspawn tentacles (Abyss:2)
  9 tentacles
2384 creatures vanquished.

Vanquished Creatures (others)
  A great orb of eyes (Elf:2)
  An ice dragon (Depths:3)
  A dancing weapon (Elf:2)
  A deep elf zephyrmancer (Elf:2)
  A deep elf pyromancer (Elf:1)
  2 air elementals (Elf:1)
  A shadow (D:10)
  A gnoll (D:12)
  13 starspawn tentacles (Abyss:2)
  74 tentacles
96 creatures vanquished.

Grand Total: 2480 creatures vanquished

Notes
Turn   | Place    | Note
-------+----------+-------------------------------------------
     0 | D:1      | skavnox the Minotaur Fighter began the quest for the Orb.
     0 | D:1      | Reached XP level 1. HP: 19/19 MP: 0/0
   146 | D:1      | Reached XP level 2. HP: 27/27 MP: 1/1
   694 | D:2      | Reached XP level 3. HP: 30/33 MP: 2/2
   744 | D:2      | Noticed Terence
   747 | D:2      | Killed Terence
   765 | D:2      | Found a faded altar of an unknown god.
  1097 | D:2      | Reached XP level 4. HP: 41/41 MP: 3/3
  1675 | D:3      | Found a sacrificial altar of Ru.
  1708 | D:3      | Found a transporter.
  1847 | D:3      | Found a transporter.
  1855 | D:3      | Identified the +1 ring mail of Creativity {rN++}
  2165 | D:4      | Noticed an ogre
  2171 | D:4      | Killed an ogre
  2172 | D:4      | Reached skill level 5 in Fighting
  2172 | D:4      | Reached XP level 5. HP: 27/48 MP: 4/4
  2597 | D:4      | Reached XP level 6. HP: 53/54 MP: 5/5
  3302 | D:4      | Reached skill level 5 in Maces & Flails
  4464 | D:3      | Reached skill level 5 in Armour
  4640 | D:5      | Entered Level 5 of the Dungeon
  4640 | D:5      | Found a snail-covered altar of Cheibriados.
  4735 | D:5      | Reached skill level 5 in Shields
  4735 | D:5      | Reached XP level 7. HP: 64/64 MP: 6/6
  5795 | D:5      | Found a glowing golden altar of the Shining One.
  6145 | D:6      | Found a shadowy altar of Dithmenos.
  6244 | D:6      | Reached XP level 8. HP: 69/73 MP: 7/7
  6309 | D:6      | Noticed Jeremiah
  6720 | D:6      | Found a sparkling altar of Nemelex Xobeh.
  6943 | D:7      | Noticed Maggie
  7360 | D:7      | Noticed Menkaure
  8843 | D:7      | Reached XP level 9. HP: 83/83 MP: 8/8
  9094 | D:7      | Killed Maggie
  9203 | D:7      | Found a staircase to the Ecumenical Temple.
 10564 | D:8      | Identified the ring "Pediweum" {rC+ rN+ EV+5 Int+3}
 10790 | D:8      | Reached skill level 10 in Fighting
 10947 | D:8      | Found a bloodstained altar of Trog.
 11078 | D:8      | Reached skill level 10 in Maces & Flails
 11427 | D:8      | Noticed Grum
 11642 | D:8      | Reached XP level 10. HP: 94/94 MP: 9/9
 11706 | D:8      | Noticed an obsidian statue
 12517 | D:9      | Found a staircase to the Orcish Mines.
 12998 | D:9      | Found Axonos's Changing Room.
 13102 | D:9      | Noticed Joseph
 13605 | D:9      | Found an ancient bone altar of Kikubaaqudgha.
 13673 | D:9      | Noticed an orange demon
 14881 | D:6      | Killed Jeremiah
 15018 | D:8      | Killed Grum
 15143 | D:9      | Noticed a sun demon
 15406 | D:9      | Killed Joseph
 15443 | D:10     | Entered Level 10 of the Dungeon
 15460 | D:10     | Found a blossoming altar of Fedhas.
 15593 | D:10     | Found Wuhosokk's Book Boutique.
 16063 | D:10     | Found Giaff's Tremendous Tomes.
 16109 | D:10     | Noticed a two-headed ogre
 16220 | D:10     | Reached XP level 11. HP: 104/105 MP: 10/10
 17345 | D:11     | Noticed a two-headed ogre
 17378 | D:11     | Noticed Psyche
 17547 | D:10     | Noticed a necromancer
 17754 | Temple   | Entered the Ecumenical Temple
 18255 | Temple   | Became a worshipper of Warmaster Okawaru
 19894 | D:10     | Reached * piety under Okawaru
 19926 | D:10     | Found a basalt altar of Yredelemnul.
 21369 | D:7      | Killed Menkaure
 21668 | D:8      | Noticed an orange crystal statue
 22674 | D:9      | Killed a necromancer
 22714 | D:9      | Killed a two-headed ogre
 22714 | D:9      | Reached ** piety under Okawaru
 22715 | D:9      | Reached skill level 1 in Invocations
 22996 | D:11     | Killed Psyche
 23102 | D:11     | Noticed a shock serpent
 23444 | D:11     | Reached skill level 10 in Armour
 23597 | D:11     | Noticed a two-headed ogre
 23619 | D:10     | Killed a two-headed ogre
 23620 | D:10     | Reached skill level 10 in Shields
 23884 | D:10     | Found a staircase to the Lair.
 24839 | D:12     | Reached *** piety under Okawaru
 24953 | D:12     | Noticed Maurice
 24954 | D:12     | Noticed a boulder beetle
 25278 | D:12     | Reached XP level 12. HP: 116/116 MP: 13/13
 25455 | D:12     | Noticed Urug
 25475 | D:12     | Killed Urug
 25523 | D:12     | Noticed Fannar
 25703 | D:11     | Killed Fannar
 25703 | D:11     | Reached **** piety under Okawaru
 25821 | D:12     | Noticed Frances
 25974 | D:12     | Noticed a boulder beetle
 26111 | D:12     | Noticed Azrael
 26414 | D:11     | Killed a boulder beetle
 26456 | D:11     | Killed a boulder beetle
 27124 | D:10     | Killed a two-headed ogre
 27278 | Lair:1   | Entered Level 1 of the Lair of Beasts
 28102 | Lair:1   | Reached ***** piety under Okawaru
 29946 | Lair:2   | Reached skill level 5 in Invocations
 30470 | Lair:2   | Received a gift from Okawaru
 30701 | Lair:2   | Reached XP level 13. HP: 125/125 MP: 15/15
 30973 | Lair:2   | Found a transporter.
 30973 | Lair:2   | Found a transporter.
 31894 | Lair:3   | Found a staircase to the Shoals.
 32005 | Lair:3   | Reached skill level 15 in Fighting
 32489 | Lair:3   | Found a staircase to the Snake Pit.
 32917 | Lair:3   | Reached skill level 1 in Throwing
 33207 | Lair:3   | Reached skill level 15 in Maces & Flails
 33953 | Lair:4   | Received a gift from Okawaru
 35247 | Lair:5   | Entered Level 5 of the Lair of Beasts
 35295 | Lair:5   | Noticed Sonja
 37168 | Lair:4   | Found a staircase to the Slime Pits.
 37175 | Lair:4   | Found a viscous altar of Jiyva.
 37675 | Lair:4   | Received a gift from Okawaru
 38445 | Lair:5   | HP: 6/128 [Sonja/+0 dagger of distortion (2)]
 39477 | Orc:1    | Entered Level 1 of the Orcish Mines
 40204 | D:11     | Azrael changed into Azrael the soul eater
 40204 | D:11     | Noticed Azrael
 40226 | D:11     | Killed Azrael the soul eater
 40622 | Lair:4   | Reached XP level 14. HP: 105/135 MP: 13/16
 43554 | Lair:5   | Killed Sonja
 43813 | Lair:5   | Identified the +6 longbow of the Rattlesnake {elec, rElec
                  | Will+++ Str+3 Dex-5}
 44621 | Lair:5   | Found a corrupted altar of Lugonu.
 44621 | Lair:5   | Found a one-way gate to the infinite horrors of the Abyss.
 45525 | Lair:5   | Received a gift from Okawaru
 46364 | Orc:1    | Noticed an orc warlord
 46633 | D:9      | Killed an orc warlord
 46696 | D:9      | Reached skill level 5 in Throwing
 47863 | Orc:2    | Entered Level 2 of the Orcish Mines
 47871 | Orc:2    | Found a staircase to the Elven Halls.
 52893 | Orc:2    | Found Jeodoral's Antique Weapon Shop.
 53587 | Orc:2    | Found Tialoneca's Antique Weapon Boutique.
 55303 | Orc:2    | Noticed an orc warlord
 55460 | Orc:1    | Killed an orc warlord
 55706 | Orc:2    | Found Pabiso's Antique Armour Boutique.
 55710 | Orc:2    | Found Detympas's Antique Weapon Shop.
 57805 | D:12     | Received a gift from Okawaru
 58873 | D:12     | Found a glowing silver altar of Zin.
 59513 | D:12     | Maurice changed into Maurice the tengu
 59513 | D:12     | Noticed Maurice
 59516 | D:12     | Killed Maurice the tengu
 60305 | D:13     | Found a frozen archway.
 60316 | IceCv    | Entered an ice cave
 60441 | IceCv    | Reached XP level 15. HP: 146/147 MP: 18/18
 60845 | IceCv    | Received a gift from Okawaru
 61493 | IceCv    | Identified the +9 orcbow "Puunis" {drain, rC+ Stlth+}
 63775 | D:13     | Received a gift from Okawaru
 64782 | D:14     | Identified the -2 helmet of Vine {Will- rCorr Str+9 Int-2}
 65339 | D:14     | Found a shimmering altar of Xom.
 65340 | D:14     | Found a shimmering altar of Xom.
 65340 | D:14     | Found a shimmering altar of Xom.
 65342 | D:14     | Found a shimmering altar of Xom.
 67122 | D:14     | Found a gate to the Vaults.
 67261 | D:15     | Entered Level 15 of the Dungeon
 68215 | D:15     | Found a staircase to the Depths.
 69088 | D:15     | Paralysed by something for 4 turns
 70357 | D:15     | Reached skill level 15 in Armour
 71691 | Snake:1  | Entered Level 1 of the Snake Pit
 72236 | Lair:3   | Reached XP level 16. HP: 90/157 MP: 21/21
 72666 | Lair:3   | Reached skill level 15 in Shields
 73451 | Snake:1  | Received a gift from Okawaru
 73785 | Snake:1  | Identified the +6 chain mail of Esups {rElec rC++ Will+
                  | Stlth+}
 74952 | Snake:1  | Identified a scroll of acquirement
 75432 | Snake:1  | Found Peptora's Jewellery Shoppe.
 75449 | Snake:1  | Bought the amulet of Sunlight {Spirit -Cast rPois rF+
                  | Dex+4} for 595 gold pieces
 77014 | Snake:1  | Received a gift from Okawaru
 78108 | Snake:2  | Noticed Vashnia
 79530 | Snake:2  | Found a transporter.
 79534 | Snake:2  | Found a transporter.
 79535 | Snake:2  | Found a bloodstained altar of Trog.
 79910 | Snake:2  | Noticed Uhoful's ghost (journeyman TrFi)
 83271 | Snake:4  | Entered Level 4 of the Snake Pit
 84737 | Snake:4  | Received a gift from Okawaru
 84958 | Snake:4  | Found a runed translucent gate.
 84958 | Snake:4  | Found a runed translucent gate.
 84958 | Snake:4  | Found a runed translucent gate.
 85464 | Snake:4  | Reached XP level 17. HP: 140/166 MP: 19/23
 88622 | Snake:4  | Reached skill level 10 in Invocations
 90366 | Snake:4  | Got the Quarto of the Legion
 91010 | Snake:4  | Reached skill level 10 in Throwing
 91413 | Snake:4  | Reached skill level 1 in Evocations
 92664 | Snake:4  | Received a gift from Okawaru
 94961 | Snake:4  | Got a serpentine rune of Zot
 95758 | Snake:4  | Noticed DispaterIsMyDaddy's ghost (journeyman DgCj)
 95983 | Shoals:1 | Entered Level 1 of the Shoals
 99048 | Shoals:1 | Found Giliasy's Magic Scroll Emporium.
 99100 | Shoals:1 | Bought a scroll of teleportation for 57 gold pieces
100779 | Shoals:1 | Reached XP level 18. HP: 164/178 MP: 23/25
102633 | Shoals:2 | Identified the +0 ring mail "Qoqefisk" {rN+}
106082 | Shoals:4 | Entered Level 4 of the Shoals
106519 | Shoals:3 | Reached skill level 5 in Evocations
107096 | Shoals:4 | Noticed Roxanne
107096 | Shoals:4 | Noticed Polyphemus
107454 | Shoals:4 | Noticed Mara
109258 | Shoals:4 | Noticed skavnox's illusion
109606 | Shoals:3 | Killed Polyphemus
110537 | Shoals:3 | Received a gift from Okawaru
111464 | Shoals:4 | Noticed skavnox's illusion
111602 | Shoals:4 | Noticed skavnox's illusion
112063 | Shoals:4 | Noticed Louise
112156 | Shoals:4 | Killed Louise
112657 | Shoals:4 | Found a shimmering altar of Xom.
112910 | Shoals:4 | Noticed skavnox's illusion
112989 | Shoals:3 | Noticed skavnox's illusion
112998 | Shoals:3 | Killed Mara
113537 | Shoals:4 | Identified the +6 scale mail of Indecent Exposure {Harm
                  | Regen+ Dex+2}
113965 | Shoals:4 | Got a barnacled rune of Zot
116749 | Vaults:1 | Entered Level 1 of the Vaults
116758 | Vaults:1 | Found Egogha's General Store.
116824 | Vaults:1 | Bought a scroll of identify for 26 gold pieces
116824 | Vaults:1 | Bought a scroll of identify for 26 gold pieces
117346 | Vaults:1 | Received a gift from Okawaru
117502 | Vaults:1 | Reached XP level 19. HP: 185/187 MP: 24/27
117776 | Vaults:1 | Noticed Norris
117997 | D:14     | Killed Norris
118448 | Vaults:1 | Received a gift from Okawaru
118991 | Vaults:1 | Noticed Donald
119047 | Vaults:1 | Killed Donald
121102 | Vaults:2 | Received a gift from Okawaru
122498 | Vaults:2 | Paralysed by a formless jellyfish for 1 turns
123115 | Vaults:2 | Found a staircase to the Crypt.
124482 | Vaults:1 | Reached XP level 20. HP: 198/198 MP: 25/28
126690 | Vaults:3 | Received a gift from Okawaru
127524 | Vaults:3 | Found a huge runed translucent gate.
127524 | Vaults:3 | Found a huge runed translucent gate.
127524 | Vaults:3 | Found a huge runed translucent gate.
127525 | Vaults:3 | Found a huge runed translucent gate.
127525 | Vaults:3 | Found a huge runed translucent gate.
127525 | Vaults:3 | Found a huge runed translucent gate.
127525 | Vaults:3 | Found a huge runed translucent gate.
127525 | Vaults:3 | Found a huge runed translucent gate.
127526 | Vaults:3 | Found a huge runed translucent gate.
127526 | Vaults:3 | Found a huge runed translucent gate.
127526 | Vaults:3 | Found a huge runed translucent gate.
127526 | Vaults:3 | Found a huge runed translucent gate.
127526 | Vaults:3 | Found a huge runed translucent gate.
129023 | Vaults:3 | Identified the +10 orcbow of Vanity {elec, *Corrode Will+
                  | Str+3 Int+3}
129749 | Vaults:3 | Paralysed by a formless jellyfish for 1 turns
129752 | Vaults:3 | Received a gift from Okawaru
129879 | Vaults:4 | Found Sugon's Weapon Shop.
130765 | Vaults:4 | Found Xityck's Assorted Antiques.
130920 | Vaults:4 | Bought a scroll of teleportation for 120 gold pieces
130920 | Vaults:4 | Bought a scroll of identify for 80 gold pieces
130920 | Vaults:4 | Bought a potion of curing for 120 gold pieces
130920 | Vaults:4 | Bought a scroll of teleportation for 120 gold pieces
131118 | Vaults:4 | Paralysed by a formless jellyfish for 1 turns
131911 | Vaults:4 | Received a gift from Okawaru
132974 | Vaults:5 | Entered Level 5 of the Vaults
133031 | Vaults:4 | Reached XP level 21. HP: 188/207 MP: 17/29
133560 | Vaults:5 | Noticed a dread lich
133600 | Vaults:5 | Killed a dread lich
133764 | Vaults:5 | Reached skill level 10 in Evocations
133777 | Vaults:5 | Received a gift from Okawaru
134454 | Vaults:5 | Noticed a dread lich
134473 | Vaults:4 | Paralysed by something for 5 turns
134489 | Vaults:4 | Killed a dread lich
134964 | Vaults:5 | Noticed an ancient lich
134992 | Vaults:5 | Killed an ancient lich
136110 | Vaults:5 | Got the Collected Works on the Adder and the Familiar
136171 | Vaults:5 | Got a silver rune of Zot
136527 | Vaults:5 | Identified the ring of the Ant {rPois Slay+2}
136530 | Vaults:5 | Got Roasugoa's Omnibus of Arsenical Bad Luck
136543 | Vaults:5 | Got the Parchment of Familiar Open Graves
136565 | Vaults:5 | Identified the +7 quarterstaff of Ru's Righteous Fury
                  | {flame, *Noise rPois rC+ Int+3}
137458 | D:10     | Acquired the +3 eveningstar "Wupehomm" {freeze, Dex+5}
137465 | D:10     | Acquired the ring "Lecviperph" {rC- rN+++ EV+5 Dex+4
                  | Stlth-}
137832 | Vaults:2 | Reached XP level 22. HP: 220/220 MP: 30/30
138402 | Elf:1    | Entered Level 1 of the Elven Halls
138456 | Elf:1    | Reached skill level 1 in Dodging
138810 | Elf:1    | Received a gift from Okawaru
139160 | Elf:1    | Identified the +3 battleaxe of Offence {venom, ^Drain Fly
                  | rPois SInv}
139790 | Elf:2    | Got Gigol's Parchment of the Wyrd
139973 | Elf:2    | Got the Secrets of Assembling
140239 | Abyss:2  | Cast into level 2 of the Abyss (+2 battleaxe of distortion)
140249 | Abyss:2  | Found a corrupted altar of Lugonu.
140270 | Abyss:2  | Found a corrupted altar of Lugonu.
140301 | Abyss:2  | Found a corrupted altar of Lugonu.
140301 | Abyss:2  | Found a corrupted altar of Lugonu.
140553 | Abyss:2  | Received a gift from Okawaru
140674 | Abyss:2  | Paralysed by accursed screaming for 1 turns
140777 | Abyss:2  | Found a corrupted altar of Lugonu.
140777 | Abyss:2  | Found a corrupted altar of Lugonu.
140777 | Abyss:2  | Found a corrupted altar of Lugonu.
140818 | Elf:2    | Escaped the Abyss
140825 | Elf:2    | Reached skill level 5 in Dodging
141654 | Elf:2    | Got the Elucidation of Argyropoeia
141788 | Elf:2    | Found a runed translucent gate.
141788 | Elf:2    | Found a runed translucent gate.
141791 | Elf:2    | Found a runed translucent gate.
141870 | Elf:2    | Reached ****** piety under Okawaru
141886 | Elf:2    | Received a gift from Okawaru
142765 | Elf:2    | Got the Codex of Topology
142983 | Elf:3    | Entered Level 3 of the Elven Halls
143297 | Elf:3    | Identified the +8 falchion of Wongeffo {drain, rC+ rN+
                  | Will+ Stlth+}
143368 | Elf:3    | Identified the +4 glaive of Corporal Punishment {drain, Fly
                  | rN+ Str-4}
143368 | Elf:3    | Identified the ring of Zosanyr {Str+3 SInv}
143393 | Elf:3    | Received a gift from Okawaru
143444 | Elf:3    | Identified the ring "Ajiratt" {rF+ Will+ rCorr Int+6}
143445 | Elf:3    | Identified the +7 glaive of Cheibriados's Delight {flame,
                  | rC+ rN+ Str+3}
143484 | Elf:3    | Reached XP level 23. HP: 197/229 MP: 23/31
143504 | Elf:3    | Identified the +3 broad axe of Blood {freeze, rElec rPois
                  | Will- SInv}
143593 | Elf:3    | Identified the amulet "Exku Rotio" {Reflect rPois rC+ SH+5}
143640 | Elf:3    | Identified the +1 orcbow of Diet Blood {flame, rF+ rC+}
143659 | Elf:3    | Identified the +4 trident "Loyhep" {drain, +Blink rN++
                  | Str-5}
143665 | Elf:3    | Identified the serpent talisman of the Salamander {rN+}
143676 | Elf:3    | Got the Notes on Indurated Malignant Words
143687 | Elf:3    | Identified the +0 robe "Ocheytigg" {Stlth+}
143967 | Elf:3    | Noticed Nikola
143979 | Elf:3    | Killed Nikola
144673 | D:10     | Acquired a +0 antimagic eveningstar
144673 | D:10     | Received a gift from Okawaru
144905 | Depths:1 | Entered Level 1 of the Depths
145323 | Depths:1 | Identified the +0 robe "Pibreo Zoat" {rElec rC+ Str+3
                  | Slay-5}
145416 | Depths:1 | Acquired the +0 cloak "Biama" {rC+ Will+ Str+6}
145416 | Depths:1 | Received a gift from Okawaru
145443 | Depths:1 | Found the +6 arbalest "Damnation" {damnation}
145538 | Depths:1 | Received a gift from Okawaru
145864 | Depths:1 | Got the Atlas of Radiant Quicksand
146413 | Depths:1 | Found a one-way gate leading to the halls of Pandemonium.
146417 | Depths:1 | Identified the +0 pair of gloves of Trial and Error {rPois}
146778 | Depths:1 | Found a hide-covered altar of Uskayaw.
146823 | Depths:1 | Noticed Boris
146837 | Depths:1 | Killed Boris
146918 | Depths:1 | Found a gateway to Hell.
147027 | Depths:1 | Identified the +3 leather armour of the King of the Hill
                  | {*Slow rPois rF+++ rC-}
147640 | Depths:1 | Received a gift from Okawaru
148833 | Depths:1 | Reached skill level 10 in Dodging
149030 | Depths:2 | Received a gift from Okawaru
149513 | Depths:2 | Noticed Barug's ghost (adept TrMo)
149516 | Depths:2 | Found a runed translucent door.
150307 | Depths:2 | Reached XP level 24. HP: 242/242 MP: 10/32
150376 | Depths:1 | Received a gift from Okawaru
150549 | Depths:2 | Noticed Asterion
150571 | Depths:2 | Killed Asterion
150581 | Depths:2 | You fall into a shaft and drop 2 floors!
150581 | Depths:4 | Entered Level 4 of the Depths
151298 | Depths:3 | Identified the +1 robe of Demonic the Leaf {rElec rN+++
                  | Will++ Str-3}
151379 | Depths:3 | Received a gift from Okawaru
151780 | Depths:3 | Identified the +9 quarterstaff of Eduqo {drain, Str+2}
151861 | Depths:3 | Identified the +8 war axe of Vewnyem {venom, rF+ rN+}
152007 | Depths:3 | Received a gift from Okawaru
153184 | Depths:4 | Found a gate to the Realm of Zot.
154561 | Depths:4 | Found a one-way gateway to a ziggurat.
155169 | Snake:4  | Killed DispaterIsMyDaddy's ghost
156207 | Crypt:1  | Entered Level 1 of the Crypt
156742 | Crypt:1  | Reached XP level 25. HP: 253/253 MP: 32/32
156992 | Crypt:1  | Found a runed translucent door.
156994 | Crypt:1  | Noticed Ulecsuczon's ghost (veteran MiGl)
157563 | Crypt:1  | Received a gift from Okawaru
158772 | Crypt:3  | Entered Level 3 of the Crypt
159054 | Crypt:3  | Found a staircase to the Tomb.
159234 | Crypt:3  | Received a gift from Okawaru
159416 | Crypt:3  | Found an ancient bone altar of Kikubaaqudgha.
159416 | Crypt:3  | Noticed an ancient lich
159429 | Crypt:3  | Killed an ancient lich
159475 | Crypt:3  | Identified the staff of Terror {rC+ rN+ Str+3 Necro Earth}
160906 | Zot:1    | Entered Level 1 of the Realm of Zot
160967 | Zot:1    | Reached skill level 15 in Invocations
161599 | Zot:1    | Noticed an orb of fire
161625 | Zot:1    | Gained mutation: You are clumsy. (Dex -2) [an orb of fire]
161627 | Zot:1    | Gained mutation: Your body sometimes deteriorates upon
                  | taking damage. [an orb of fire]
161631 | Zot:1    | Killed an orb of fire
161632 | Zot:1    | Reached skill level 27 in Armour
161641 | Zot:1    | Reached skill level 27 in Fighting
161678 | Zot:1    | Identified the +3 whip "Geumow" {drain, rElec}
161679 | Zot:1    | Got the Tome of The Black Sun
162401 | Depths:3 | Received a gift from Okawaru
163037 | Zot:2    | Noticed an orb of fire
163043 | Zot:2    | Gained mutation: Your body often deteriorates upon taking
                  | damage. [an orb of fire]
163047 | Zot:2    | Gained mutation: You are weak. (Str -2) [an orb of fire]
163054 | Zot:2    | Killed an orb of fire
163105 | Zot:1    | Reached skill level 15 in Dodging
163494 | Zot:2    | Noticed a Killer Klown
163499 | Zot:2    | Received a gift from Okawaru
163624 | Zot:1    | Killed a Killer Klown
163715 | Zot:2    | Found a shimmering altar of Xom.
163715 | Zot:2    | Found a shimmering altar of Xom.
163715 | Zot:2    | Found a shimmering altar of Xom.
163715 | Zot:2    | Found a glowing silver altar of Zin.
163718 | Zot:2    | Found a shimmering altar of Xom.
163718 | Zot:2    | Found a shimmering altar of Xom.
163733 | Zot:2    | Identified the +6 hand axe of the Valley of Death {distort,
                  | Str+4}
164047 | Zot:2    | Identified the +3 rapier of Spite {flame, Int+2 Dex+2
                  | Stlth+}
164081 | Zot:2    | a caustic shrike changed into a juggernaut
164081 | Zot:2    | Noticed a juggernaut (glowing shapeshifter)
164083 | Zot:2    | Reached XP level 26. HP: 266/266 MP: 31/33
164086 | Zot:2    | a juggernaut changed into an iron dragon
164100 | Zot:2    | Noticed a juggernaut
164104 | Zot:2    | a juggernaut changed into a purple very ugly thing
164305 | Zot:2    | Received a gift from Okawaru
166467 | Zot:4    | HP: 12/266 [white draconian/+0 battleaxe[a green draconian
                  | monk] (13)]
166467 | Zot:4    | Mangled by a green draconian monk

Illustrated notes

Levels and vault maps discovered:
D:1:      sevenhm_arrival_forest_fort_large_2, layout_rooms
D:2:      layout_loops_ring, hellmonk_ecumenical_altar_inner_sanctum,
          grunt_decor_fettered, minmay_misc_feat_rugged, uniq_terence
D:3:      layout_basic, gammafunk_temple_overflow_arena
D:4:      layout_basic
D:5:      layout_cave_pools, mainiacjoe_overflow_alcove_4, slow_altar_1,
          kennysheep_generic_room_9
D:6:      layout_basic, grunt_dithmenos_smoke, lemuel_doored_altar,
          minmay_between, uniq_jeremiah
D:7:      layout_loops_corners, minmay_temple_entry_metal_lava, uniq_maggie,
          uniq_menkaure
D:8:      minmay_separated_statues, layout_loops_cross, bloody_trog,
          minmay_ruffians, uniq_grum
D:9:      layout_cross, mainiacjoe_overflow_chevrons, orc_0_dummy,
          nicolae_transmutations_shop, uniq_joseph
D:10:     layout_basic, mainiacjoe_overflow_concentric_impassable,
          lemuel_mausoleum_altar_yredelemnul, erik_lair_island, serial_shops,
          nicolae_shop_just_a_little_nook, nicolae_shop_i_like_big_books,
          minmay_misc_feat_hallway, eino_house_with_fridge
D:11:     layout_basic, special_room [special_room_orc], uniq_psyche
D:12:     layout_long_grid, zin_treasury, uniq_urug, uniq_fannar, uniq_frances,
          uniq_azrael, uniq_maurice
D:13:     layout_loops_cross, serial_ice, serial_ice_n, serial_ice_e,
          serial_ice_c, serial_ice_i, portal_ice_cave_entry_pillars_2,
          minmay_misc_feat_diagonals, mikee_hates_you
D:14:     layout_roguey, hellmonk_vaults_keyhole, xom_redecorated,
          chequers_serial_rivers_small_b, chequers_decorated_corner
D:15:     gammafunk_depths_entry_grave, layout_layer_cave,
          minmay_misc_feat_nine_boxes
Temple:   hellmonk_temple_forest_ring
Lair:1:   layout_small_grid
Lair:2:   gammafunk_boulding_lane, layout_cave_pods
Lair:3:   layout_misc_corridors, minmay_shoals_entry_beasts,
          guppyfry_snake_entry_island, kennysheep_abandoned_house
Lair:4:   layout_misc_corridors, dpeg_slime_entry_corner, beast_lair_carwin_4,
          grunt_megastairs_1
Lair:5:   hellmonk_lair_end_abyssal_woods, layout_regular_city,
          nicolae_volcano_entry_s_turn, st_stairs_13, lemuel_fruit_tree,
          uniq_sonja
Shoals:1: layout_shoals, serial_shops, shop, nicolae_shoals_arrival_archipelago
Shoals:2: layout_shoals, nicolae_shoals_water_shrine
Shoals:3: layout_shoals
Shoals:4: shoals_end_hangedman, layout_shoals, lemuel_centaur_altar,
          uniq_roxanne, uniq_polyphemus, uniq_louise, uniq_mara
Snake:1:  layout_misc_corridors, serial_shops, shop,
          nicolae_coiled_stairwell_down, grunt_megastairs_5
Snake:2:  layout_onion_interference, gammafunk_ghost_wrathful_warriors,
          abandoned_shop, uniq_vashnia
Snake:3:  layout_cave_town, nicolae_snake_omega
Snake:4:  grunt_snake_rune_spirals, layout_onion, gammafunk_ghost_necromancy
Orc:1:    layout_caves
Orc:2:    grunt_orc_community_town_hall, layout_diamond_mine,
          grunt_orc_community_big_house_2, grunt_orc_community_big_house_2,
          grunt_orc_community_house_2, grunt_orc_community_house_2,
          grunt_orc_community_house_3, grunt_orc_community_house_3,
          grunt_orc_community_house_3, grunt_orc_community_house_2
Elf:1:    elf_arrival_001, layout_geoelf_octagon, minivault_28,
          lemuel_flamethrower_hall, lemuel_upstairs_altar
Elf:2:    nicolae_elf_blades_splatter_lattice [nicolae_blade_lattice],
          layout_geoelf_diagonals, serial_magic_research,
          hangedman_research_convocations, hangedman_research_quantum,
          hangedman_research_toxicology, hangedman_research_probablistics,
          st_stairs_8
Elf:3:    minmay_elf_hall_curves, layout_rooms, uniq_nikola
Vaults:1: portal_desolation_entry_ruin, v_pattern_3, nicolae_vaults_arrows,
          vaults_room_grid, v_rooms_4, ontoclasm_vaults_ring_small, v_rooms_1,
          hangedman_vaults_capsules, nicolae_vaults_sealed_display,
          nicolae_vaults_shipping_containers_3, vaults_dpeg_encased_lava,
          layout_vaults_maze, serial_glass, serial_shops, shop, uniq_norris,
          uniq_donald
Vaults:2: vaults_room_door_hall, vaults_standard_mumra_x, v_pattern_4,
          nicolae_vaults_little_squares_2, nicolae_vaults_shelves_hall,
          nicolae_vaults_stairing_the_circle, minmay_crypt_entry_simple_statues,
          hangedman_vaults_stitches, nicolae_vaults_heart-shaped_vault,
          nicolae_vaults_meeting, vaults_dpeg_diagonal, layout_vaults_big_room
Vaults:3: nicolae_vaults_house_3, v_rooms_5,
          nicolae_vaults_trapezoid_lopsided_1, vaults_dpeg_emergency_exit,
          not_door_vault_due, v_rooms_4, nicolae_vaults_tetromino_L_1,
          v_misc_24, nicolae_vaults_closet_pinwheel_5, nicolae_vaults_diamond_1,
          layout_vaults_omnigrid
Vaults:4: mu_enter_wizlab_6, nicolae_vaults_triangles, grunt_vaults_diagonal,
          nicolae_vaults_door_testing_chamber, hangedman_vaults_nodes,
          nicolae_vaults_more_shelving_2, hangedman_vaults_stretched_pinwheel,
          vaults_dpeg_hooks, nicolae_vaults_trapezoid_lopsided_3,
          nicolae_vaults_tetromino_Z_1, nicolae_vaults_alarming,
          ontoclasm_vaults_decontamination,
          nicolae_vaults_taking_the_gang_shopping, layout_vaults_ring,
          serial_shops, nicolae_shop_tiny_statue_garden
Vaults:5
Crypt:1:  layout_gridlike, ebering_ghost_inner_flame,
          grunt_crypt_arrival_webbed, grunt_megastairs_3, uniq_grunn
Crypt:2:  layout_chaotic_city, nicolae_crypt_ex-fountain
Crypt:3:  cryptofortress_bobbens
Depths:1: layout_gridlike, pan_entry, lemuel_crystal_altar,
          grunt_hell_entry_dis_grunt, drop_trap, grunt_ministairs_5,
          grunt_decor_cap, minmay_multi_spiral, uniq_boris
Depths:2: nzn_winding_woodlands_three_and_one [nzn_winding_woodlands_5x15_eye,
          nzn_winding_woodlands_5x15_lazy_stream,
          nzn_winding_woodlands_5x15_longhouse,
          nzn_winding_woodlands_center_pierced_h], layout_gridlike, hellmouth_3,
          hellmonk_ghost_happy_afterlife, pan_entry, minmay_alternating_orb,
          uniq_asterion
Depths:3: hangedman_pleasuredromes, hell_entry, abyss_entry
Depths:4: grunt_zot_entry_tricorne, layout_cave_pools, enter_ziggurat_a,
          minmay_misc_feat_five, hell_entry,
          serial_library_hellmonk_recessed_alcove
Zot:1:    dreamdust_black_sun_cult, layout_basic
Zot:2:    dreamdust_zin_vs_xom, layout_basic, hellmonk_formless_pools
Zot:3:    nicolae_moth_party, layout_misc_corridors, skrybe_zot_glass_1
Zot:4:    layout_misc_corridors, grunt_megastairs_4

Skill      XL: |  1  2  3  4  5  6  7  8  9 10 11 12 13 14 15 16 17 18 19 20 21 22 23 24 25 26 |
---------------+-------------------------------------------------------------------------------+-----
Fighting       | 4 5 6 7 9 10 12 13 14 16 17 18 19 20 21 22 23 24 25 26 27 | 27.0
Maces & Flails | 3 4 5 6 8 10 12 13 14 16 17 18 19 20 | 20.0
Armour         | 4 5 6 7 9 10 11 12 13 15 16 17 18 19 20 21 23 25 26 27 | 27.0
Shields        | 4 5 6 7 8 10 11 12 13 14 15 17 18 19 20 22 23 24 26 | 26.7
Invocations    | 2 5 6 8 9 11 12 13 14 15 16 | 16.1
Throwing       | 3 6 8 9 10 11 12 13 | 13.0
Evocations     | 4 6 8 9 10 11 | 11.6
Dodging        | 7 10 13 15 | 15.9

Action                     |  1- 3 |  4- 6 |  7- 9 | 10-12 | 13-15 | 16-18 | 19-21 | 22-24 | 25-27 || total
---------------------------+-------+-------+-------+-------+-------+-------+-------+-------+-------++-------
  Melee: Flail             |    56 |    84 |   187 |   619 |  1591 |    28 |       |       |       ||  2565
         Headbutt          |    11 |    16 |    32 |   158 |   463 |   862 |   943 |  1026 |   435 ||  3946
         Mace              |       |    36 |       |       |       |       |       |       |       ||    36
         Whip              |       |       |       |       |    62 |       |       |       |       ||    62
         Morningstar       |       |       |       |       |       |  2221 |       |       |       ||  2221
         Demon whip        |       |       |       |       |       |   289 |  2590 |  2221 |   690 ||  5790
         Eveningstar       |       |       |       |       |       |    59 |       |   672 |   512 ||  1243
  Throw: Dart              |       |       |       |     3 |       |       |       |       |       ||     3
         Boomerang         |       |       |       |     3 |       |       |       |       |       ||     3
         Throwing net      |       |       |       |     3 |       |       |       |       |       ||     3
         Javelin           |       |       |       |       |    49 |    26 |     6 |       |    14 ||    95
 Invoke: Heroism           |       |       |       |       |    12 |    15 |    12 |     8 |     3 ||    50
         Finesse           |       |       |       |       |       |     1 |     9 |     4 |     2 ||    16
         Receive Weapon    |       |       |       |       |       |       |       |     1 |       ||     1
         Receive Armour    |       |       |       |       |       |       |       |     1 |       ||     1
  Evoke: Wand              |       |       |       |    19 |     6 |     1 |       |       |       ||    26
    Use: Scroll            |       |       |    11 |     3 |     6 |    11 |    12 |    11 |       ||    54
         Potion            |       |       |     2 |     5 |     5 |       |     3 |     3 |     1 ||    19
   Stab: Distracted        |       |       |       |       |       |       |     1 |       |       ||     1
 Armour: Scale mail        |    34 |    86 |    80 |       |       |       |       |       |       ||   200
         Plate armour      |       |       |   140 |   589 |  1315 |    56 |       |       |       ||  2100
         Skin              |       |       |       |    16 |       |       |       |     4 |       ||    20
         Chain mail        |       |       |       |       |       |  1728 |  1112 |   876 |   447 ||  4163
  Dodge: Dodged            |    35 |    63 |   101 |   326 |   768 |   794 |   507 |   528 |   396 ||  3518
  Block: Buckler           |     6 |    29 |    69 |   155 |   272 |       |       |       |       ||   531
         Kite shield       |       |       |       |       |   613 |   695 |       |       |       ||  1308
         Tower shield      |       |       |       |       |       |  1982 |  2251 |  2273 |  1015 ||  7521
         Reflection        |       |       |       |       |       |       |       |    34 |       ||    34
